 Dungeon Crawl Stone Soup version 0.30-a0-12-gd8047c6341 (console) character file.

Game seed: 2946021873127955540

796 petzl the Vexing (level 8, -3/31 (57) HPs)
             Began as a Formicid Arcane Marksman on Aug 24, 2022.
             Slain by a wight
             ... wielding a +1 halberd of freezing
              (11 damage)
             ... on level 7 of the Dungeon.
             The game lasted 00:32:57 (7636 turns).

petzl the Vexing (Formicid Arcane Marksman)         Turns: 7636, Time: 00:32:58

HP:   -3/31 (57)    AC:  6    Str: 14    XL:     8   Next: 13%
MP:   22/22         EV: 12    Int: 16    God:
Gold: 85            SH:  0    Dex: 20    Spells: 6/13 levels left

rFire   . . .      SeeInvis +    c - +4 rapier (venom)
rCold   . . .      Faith    .    (no shield)
rNeg    . . .      Spirit   .    n - +0 ring mail
rPois   .          Reflect  .    (helmet unavailable)
rElec   .          Harm     .    (no cloak)
rCorr   .          Rampage  .    (no gloves)
Will    .....                    j - +0 pair of boots
Stlth   ++........               (no amulet)
HPRegen 0.10/turn                t - +6 ring of dexterity
MPRegen 0.18/turn                o - ring of magical power

@: very heavily drained
A: permanent stasis, dig shafts and tunnels, antennae 3, four strong arms
a: Dig, Shaft Self


You were on level 7 of the Dungeon.
You visited 2 branches of the dungeon, and saw 11 of its levels.

You collected 200 gold pieces.
You spent 115 gold pieces at shops.

Inventory:

Hand Weapons
 a - a +1 sling
 b - a +2 short sword of protection
 c - a +4 rapier of venom (weapon)
Armour
 j - a +0 pair of boots (worn)
 n - a +0 ring mail (worn)
Jewellery
 o - a ring of magical power (right hand)
 t - a +6 ring of dexterity (left hand)
Scrolls
 i - a scroll of amnesia {unknown}
 l - a scroll of summoning
 m - 3 scrolls of poison
 q - 4 scrolls of immolation
 r - a scroll of fog
 s - a scroll of enchant weapon {unknown}
 w - a scroll of brand weapon {unknown}
Potions
 d - a potion of berserk rage
 e - a potion of curing
 f - a potion of heal wounds {unknown}
 g - a potion of haste {unknown}
 h - a potion of cancellation {unknown}
 p - 2 potions of might {unknown}
 u - a potion of attraction {unknown}
 v - a potion of ambrosia {unknown}


   Skills:
 + Level 2.8 Fighting
 + Level 3.2 Ranged Weapons
 + Level 2.0 Armour
 + Level 2.8 Dodging
 + Level 2.1 Stealth
 * Level 3.3 Spellcasting
 * Level 2.8 Conjurations
 - Level 3.9 Hexes
 * Level 2.3 Air Magic
 * Level 3.7 Poison Magic


You had 6 spell levels left.
You knew the following spells:

 Your Spells              Type           Power      Damage    Failure   Level
a - Slow                  Hex            60%        N/A       7%          1
m - Mephitic Cloud        Conj/Pois/Air  12%        N/A       32%         3
I - Ignite Poison         Fire/Tmut/Pois 6%         N/A       54%         3

Your spell library contained the following spells:

 Spells                   Type           Power      Damage    Failure   Level
 Inner Flame              Hex/Fire       8%         N/A       43%         3
 Portal Projectile        Hex/Tloc       16%        N/A       43%         3
 Cause Fear               Hex            7%         N/A       56%         4
 Gell's Gravitas          Tloc           2%         N/A       71%         3
 Lesser Beckoning         Tloc           2%         N/A       71%         3
 Teleport Other           Tloc           2%         N/A       71%         3
 Silence                  Hex/Air        6%         N/A       95%         5
 Passage of Golubria      Tloc           2%         N/A       98%         4
 Freezing Cloud           Conj/Ice/Air   4%         6-21      99%         5
 Manifold Assault         Tloc           2%         N/A       100%        5
 Storm Form               Tmut/Air       3%         N/A       100%        7
 Lehudib's Crystal Spear  Conj/Erth      3%         10d3      100%        8
 Blink                    Tloc           Unusable   N/A       N/A         2

Dungeon Overview and Level Annotations

Branches:
Dungeon (10/15)            Temple (1/1) D:5
   Lair: D:8-11         Orc: D:9-12

Altars:
Ashenzari
Cheibriados
Dithmenos
Elyvilon
Fedhas
Gozag
Hepliaklqana
Kikubaaqudgha
Okawaru
Qazlal
Ru
Sif Muna
Trog
Uskayaw
Wu Jian
Xom
Yredelemnul
The Shining One

Shops:
D:1 [   D:5 *

Annotations:
D:4 exclusion: ogre, Edmund
D:5 exclusion: 2 upstairs
D:7 exclusion: downstairs
D:8 Pikel
D:9 exclusions: downstairs and upstairs


Innate Abilities, Weirdness & Mutations

You cannot be hasted, slowed, berserked, paralysed or teleported.
You can dig through walls and to a lower floor.
You have a pair of large antennae on your head. (SInv)
Your four strong arms can wield two-handed weapons with a shield.


Message History

You retract your mandibles.
An orc comes into view. It is wielding a +0 club.
Found a scroll of identify.
The orc shouts!
An orc warrior comes into view. It is wielding a +0 mace.
An orc comes into view. It is wielding a +0 hand axe.
There is a stone staircase leading up here.
The gnoll is no longer moving slowly.
The gnoll hits you from afar with a +0 halberd!
* * * LOW HITPOINT WARNING * * *
You climb upwards.
The wyvern hisses angrily.
A jelly comes into view.
A wight comes into view. It is wielding a +0 short sword.
Found 26 gold pieces and a book of Callings.
There is a stone staircase leading down here.
Press: ? - help, v - describe, . - travel A stone staircase leading down.
Placed new exclusion.
Reduced exclusion size to a single square.
Unknown command.
Unknown command.
Unknown command.
Unknown command.
Unknown command.
Unknown command.
An orc comes into view. It is wielding a +0 short sword.
Found a stone staircase leading up.
A wight comes into view. It is wielding a +1 flail.
Okay, then.
Okay, then.
Found a wand of flame (5) and 17 gold pieces.
As you read the scroll of fear, it crumbles to dust.
You assume a fearsome visage.
The wyvern looks frightened!
The orc looks frightened!
The wight is unaffected. x4; The wight barely misses you.
You see here 17 gold pieces.
The wight barely misses you. The wight attacks as you move away!
The wight hits you with a +1 halberd of freezing!
You die...

#. ... ... #.. ....
#..... ...#
...o###..... ......
........##.##......
.........$..#.......
........##.......#.#
........$.........##
#/....@.zz.z......#
#..<...z..........
#...#.........##.
#... #..##..>.z.#
... #...##.........
.. ..............J.
. ...$.............
.####.####..#....
... :####.# .#. ## #
#


You could see 5 wights and an orc (fleeing).

Vanquished Creatures
  2 black bears (D:5)
  A phantom (D:5)
  2 scorpions (D:5)
  A howler monkey (D:3)
  A hound (D:4)
  2 orc priests (D:4)
  3 iguanas (D:5)
  2 orc wizards
  7 adders
  2 gnolls
  A worm (D:4)
  A dart slug (D:2)
  16 orcs
  4 bats
  4 endoplasms
  10 goblins
  9 hobgoblins
  6 jackals
  A quokka (D:1)
  3 ball pythons
  2 frilled lizards (D:1)
  3 kobolds
  4 rats
87 creatures vanquished.

Notes
Turn   | Place    | Note
-------+----------+-------------------------------------------
     0 | D:1      | petzl the Formicid Arcane Marksman began the quest for the
                  | Orb.
     0 | D:1      | Reached XP level 1. HP: 15/15 MP: 2/2
    53 | D:1      | You fall into a shaft and drop 1 floor!
   383 | D:2      | Reached XP level 2. HP: 21/21 MP: 3/3
  1026 | D:1      | Found a faded altar of an unknown god.
  1249 | D:1      | Found Foutanan's Armour Boutique.
  1431 | D:1      | Reached XP level 3. HP: 26/26 MP: 5/5
  1454 | D:1      | Learned a level 3 spell: Mephitic Cloud
  2215 | D:2      | You fall into a shaft and drop 2 floors!
  2691 | D:3      | Reached XP level 4. HP: 27/33 MP: 6/6
  3039 | D:3      | Found a hide-covered altar of Uskayaw.
  3043 | D:3      | Found an ancient bone altar of Kikubaaqudgha.
  3160 | D:3      | Found a shadowy altar of Dithmenos.
  3220 | D:3      | Reached skill level 1 in Conjurations
  3469 | D:3      | Reached skill level 1 in Poison Magic
  3489 | D:3      | Reached XP level 5. HP: 30/38 MP: 1/8
  3550 | D:4      | Noticed a black bear
  3757 | D:4      | Reached skill level 1 in Stealth
  3757 | D:4      | Reached skill level 1 in Air Magic
  4046 | D:4      | Found an iron altar of Okawaru.
  4061 | D:4      | Noticed Edmund
  4325 | D:4      | Reached skill level 1 in Armour
  4325 | D:4      | Reached XP level 6. HP: 32/44 MP: 9/9
  4412 | D:5      | Entered Level 5 of the Dungeon
  5334 | D:4      | Noticed an ogre
  5435 | D:4      | You fall into a shaft and drop 2 floors!
  5640 | D:6      | Noticed a water moccasin
  5683 | D:5      | Noticed a black bear
  5694 | D:5      | Killed a black bear
  5695 | D:5      | Reached XP level 7. HP: 33/51 MP: 8/11
  5930 | D:5      | Found a staircase to the Ecumenical Temple.
  6038 | Temple   | Entered the Ecumenical Temple
  6349 | D:5      | Found Teiqylap's CLEARANCE SALE!.
  6357 | D:5      | Bought a scroll of identify for 8 gold pieces
  6357 | D:5      | Bought a +4 rapier of venom for 107 gold pieces
  6829 | D:5      | Reached XP level 8. HP: 57/57 MP: 12/12
  6874 | D:5      | You fall into a shaft and drop 3 floors!
  7188 | D:8      | Noticed a troll
  7289 | D:8      | Noticed Pikel
  7313 | D:7      | You fall into a shaft and drop 2 floors!
  7523 | D:10     | Entered Level 10 of the Dungeon
  7523 | D:10     | Noticed a troll
  7571 | D:9      | Learned a level 3 spell: Ignite Poison
  7629 | D:7      | Noticed a wyvern
  7636 | D:7      | Slain by a wight

Illustrated notes

Levels and vault maps discovered:
D:1:      dpeg_arrival_rooms_a, layout_loops_ring, serial_shops, shop,
          hellmonk_ecumenical_altar_arch_garden, ebering_dispersal_statue_hall
D:2:      layout_basic
D:3:      layout_basic, mainiacjoe_overflow_alcove_1, minitemple
D:4:      layout_cave_pods, okawaru_trees_2, uniq_edmund
D:5:      layout_gridville, minmay_temple_entry_steel_oval, minivault_24,
          nicolae_shop_clearance
D:6:      layout_loops_cross, lemuel_flamethrower_2
D:7:      layout_cave_pools, nicolae_sextant, uniq_prince_ribbit1, uniq_menkaure
D:8:      layout_layer_cave, uniq_pikel, uniq_maurice, uniq_erica
D:9:      layout_roguey, general_overflow_altar,
          gammafunk_temple_overflow_forgotten
D:10:     layout_gridville, lair_entry_dummy
Temple:   minmay_temple_curvy_branch

Skill      XL: |  1  2  3  4  5  6  7 |
---------------+----------------------+-----
Dodging        | 2 |  2.8
Conjurations   | 1 2 |  2.8
Spellcasting   | 2 3 |  3.3
Poison Magic   | 1 2 3 |  3.7
Fighting       | 2 |  2.8
Stealth        | 1 2 |  2.1
Air Magic      | 1 2 |  2.3
Armour         | 1 2 |  2.0
Ranged Weapons | 3 |  3.2
Hexes          | |  3.9

Action                   |  1- 3 |  4- 6 |  7- 9 || total
-------------------------+-------+-------+-------++-------
Melee: Short sword       |     2 |   146 |    86 ||   234
       Punch             |       |     3 |     2 ||     5
       Rapier            |       |       |     9 ||     9
 Fire: Sling             |   114 |    66 |    26 ||   206
 Cast: Slow              |     9 |    40 |    16 ||    65
       Mephitic Cloud    |       |     2 |       ||     2
 Abil: Shaft Self        |     2 |     1 |     2 ||     5
       Dig               |       |       |     7 ||     7
  Use: Potion            |       |     2 |       ||     2
       Scroll            |       |       |     9 ||     9
 Stab: Confused          |       |     1 |       ||     1
Armor: Robe              |     3 |       |       ||     3
       Ring mail         |     5 |    55 |    41 ||   101
Dodge: Dodged            |    44 |    81 |    66 ||   191

Table legend: (Time is in decaauts)
 A = Elapsed time spent in this place.
 B = Non-inter-level travel time spent in this place.
 C = Inter-level travel time spent in this place.
 D = Time resting spent in this place.
 E = Time spent auto-exploring this place.
 F = Levels seen in this place.
 G = Mean time per level.
                   A        B        C        D        E       F      G
               +--------+--------+--------+--------+--------+-----+--------+
         Total |   7719 |   7289 |    430 |   2883 |   2355 |  11 |  701.7 |
       Dungeon |   7467 |   7037 |    430 |   2883 |   2111 |  10 |  746.7 |
        Temple |    251 |    251 |      0 |      0 |    244 |   1 |  251.0 |
               +--------+--------+--------+--------+--------+-----+--------+

Top non-repeatable levels by time:
     D:3: 1602 daAuts
     D:2: 1318 daAuts
     D:5: 1245 daAuts
     D:4: 1203 daAuts
     D:1: 1122 daAuts
     D:8: 456 daAuts
     D:9: 280 daAuts
  Temple: 251 daAuts
     D:6: 214 daAuts
     D:7: 22 daAuts
    D:10: 1 daAuts
